Map: Deathaura LE

Players

EnDerr

  • Race: Zerg Zerg
  • League: Master
  • Spawn Location: 11:00

RiSky

  • Race: Zerg Zerg
  • Spawn Location: 5:00

Event: DreamHack SC2 Masters 2020 Fall

VOD

Have the link to the VOD?

Description

Time

  • Played on: Aug. 26, 2020, 6:53 a.m.
  • Length: 7:30

All games in this series

Show
View Real Time Build Order
Export as new Build Order

EnDerr Zerg 

Build Orders: Pool First 

Get SALT Encoding   

  12  0:00  Drone  
  13  0:12  Overlord  
  13  0:17  Drone  
  14  0:31  Drone x2  
  16  0:40  Spawning Pool  
  15  0:43  Extractor  
  15  0:46  Drone  
  15  0:51  Drone  
  16  0:59  Drone  
  17  1:18  Hatchery  
  16  1:28  Zergling x6  
  19  1:42  Queen  
  21  1:47  Metabolic Boost  
  21  1:55  Overlord  
  21  1:58  Drone  
  22  2:15  Drone x2  
  23  2:17  Queen  
  26  2:25  Zergling x2  
  27  2:30  Zergling x2  
  27  2:35  Queen  
  27  2:36  Zergling x2  
  30  2:43  Zergling x2  
  31  2:46  Zergling x2  
  31  2:51  Zergling x6  
  35  2:59  Overlord  
  35  3:17  Overlord  
  35  3:18  Drone x2  
  35  3:19  Drone x2  
  39  3:31  Drone  
  39  3:32  Drone x2  
  39  3:33  Drone  
  42  3:34  Drone  
  42  3:36  Drone  
  43  3:45  Drone  
  43  3:48  Lair  
  44  3:49  Drone x3  
  44  3:51  Drone  
  48  3:58  Drone  
  48  4:05  Drone, Roach Warren  
  48  4:11  Evolution Chamber  
  48  4:16  Drone x2  
  49  4:17  Extractor  
  49  4:18  Extractor  
  49  4:23  Drone x4  
  51  4:32  Overlord  
  51  4:40  Overlord  
  51  4:41  Overlord x2  
  51  4:43  Zerg Missile Weapons Level 1  
  51  4:51  Roach x3  
  57  4:55  Glial Reconstitution  
  57  5:00  Roach  
  57  5:01  Roach  
  57  5:04  Roach  
  63  5:10  Roach x2  
  66  5:15  Roach  
  66  5:18  Roach  
  67  5:21  Roach  
  67  5:26  Overlord  
  67  5:29  Roach  
  67  5:35  Hatchery  
  67  5:36  Drone x4  
  71  5:47  Roach  
  71  5:48  Roach x2  
  77  5:54  Roach x3  
  83  5:59  Overlord  
  83  6:03  Roach  
  84  6:06  Roach x3  
  84  6:11  Queen  
  91  6:19  Drone  
  91  6:20  Drone x4  
  91  6:23  Overlord  
  94  6:34  Drone x2  
  96  6:45  Roach x4  
  102  6:49  Roach x2  
  102  6:51  Roach  
  102  6:52  Roach  
  106  6:55  Roach  
  106  6:57  Roach  
  106  6:59  Roach  
  104  7:02  Roach  
  104  7:04  Roach  
  108  7:08  Roach  
  108  7:27  Ravager  
  108  7:28  Ravager  
Show
View Real Time Build Order
Export as new Build Order

RiSky Zerg 

Build Orders: Hatch First 

Get SALT Encoding   

  12  0:00  Drone  
  13  0:12  Overlord  
  13  0:17  Drone  
  14  0:30  Drone x2  
  16  0:47  Hatchery  
  15  0:51  Drone  
  15  0:54  Drone  
  17  0:58  Drone  
  18  1:08  Extractor  
  17  1:13  Spawning Pool  
  17  1:16  Drone  
  17  1:19  Drone  
  18  1:28  Drone  
  19  1:38  Drone  
  20  1:49  Drone  
  21  2:00  Queen x2, Zergling x4  
  27  2:10  Metabolic Boost, Overlord  
  27  2:11  Zergling x2  
  28  2:23  Extractor, Zergling x2  
  28  2:28  Drone  
  30  2:33  Drone  
  30  2:36  Baneling Nest  
  30  2:37  Drone  
  31  2:45  Overlord  
  31  2:49  Drone  
  32  3:01  Drone  
  32  3:02  Zergling x2  
  34  3:07  Zergling x4  
  34  3:12  Zergling x12  
  41  3:21  Baneling x3  
  41  3:25  Baneling  
  41  3:26  Overlord  
  37  3:37  Drone  
  37  3:39  Drone  
  38  3:42  Drone  
  38  3:45  Baneling x2  
  38  3:46  Zergling x12  
  44  3:51  Overlord  
  44  3:54  Drone  
  45  3:58  Drone  
  46  4:11  Hatchery  
  46  4:13  Drone  
  46  4:15  Drone  
  47  4:22  Zergling x4  
  50  4:24  Drone  
  50  4:28  Roach Warren  
  50  4:29  Drone  
  49  4:32  Drone  
  49  4:34  Zergling x4  
  52  4:40  Zergling x6  
  55  4:46  Extractor  
  55  4:47  Extractor  
  55  4:49  Overlord  
  53  4:56  Drone x2  
  49  5:08  Roach x7  
  61  5:18  Drone  
  59  5:24  Drone x2  
  59  5:25  Lair  
  59  5:28  Drone x3  
  59  5:33  Evolution Chamber  
  60  5:37  Drone x3  
  60  5:38  Drone  
  60  5:42  Overlord  
  64  5:45  Drone  
  64  5:48  Drone  
  66  5:51  Drone x2  
  66  5:53  Drone  
  69  6:01  Drone x3  
  72  6:05  Drone x2  
  72  6:08  Roach  
  72  6:10  Overlord  
  76  6:13  Queen  
  76  6:17  Roach  
  80  6:20  Spine Crawler  
  80  6:23  Overlord  
  80  6:24  Roach  
  80  6:26  Ravager  
  80  6:30  Roach x3  
  80  6:32  Roach  
  86  6:40  Roach  
  86  6:45  Roach x4  
  87  6:52  Roach x3  
  82  6:58  Roach x3  
  82  7:01  Roach  
  79  7:05  Roach  
  70  7:10  Roach  

Tags
 
Add a new tag
Caveats
  • Supply blocks, unpowered buildings, or Contaminate may cause inaccurate times.
  • Supply counts are checked every 10 seconds.